 Dungeon Sprint DCSS version 0.26.1-11-gd32895ea62 (webtiles) character file.

Game seed: 10827190428740318900

740 Dadi the Fighter (level 7, -2/120 HPs)
             Began as a Minotaur Berserker on July 27, 2021.
             Was a Priest of Trog.
             Slain by an ice devil (21 damage)
             ... summoned by a kobold demonologist
             ... in the Dungeon (Sprint I: "Red Sonja").
             The game lasted 00:01:37 (551 turns).

Dadi the Fighter (Minotaur Berserker)                Turns: 551, Time: 00:01:38

Health: -2/120     AC:  8    Str: 23    XL:     7   Next: 46%
Magic:  6/6        EV: 11    Int:  4    God:    Trog [***...]
Gold:   290        SH:  0    Dex: 10    Spells: 6/6 levels left

rFire    . . .     SeeInvis .   a - +0 mace
rCold    . . .     Faith    .   (no shield)
rNeg     . . .     Spirit   .   j - +0 ring mail
rPois    .         Reflect  .   (helmet restricted)
rElec    .         Harm     .   (no cloak)
rCorr    .         Rampage  .   (no gloves)
Will     .....     NoTele   +   l - +2 pair of boots {Fly}
Stlth    ..........             (no amulet)
HPRegen  0.30/turn              (no ring)
MPRegen  0.10/turn              (no ring)

@: berserking, flying, very quick
A: retaliatory headbutt, horns 2
a: Stop Flying, Renounce Religion, Berserk, Trog's Hand


You were in the Dungeon.
You worshipped Trog.
Trog was most pleased with you.
You visited 1 branch You collected 417 gold pieces.
You spent 127 gold pieces at shops.


Innate Abilities, Weirdness & Mutations

You reflexively headbutt those who attack you in melee.
You have a pair of horns on your head.


   Skills:
 + Level 13.7 Fighting
 + Level 13.7 Maces & Flails
 - Level 2.4 Armour
 - Level 2.1 Dodging


You had 6 spell levels left.
You didn't know any spells.
Your spell library was empty.

Inventory:

Hand Weapons
 a - a +0 mace (weapon)
Missiles
 k - 36 stones
Armour
 b - a +0 animal skin
 j - a +0 ring mail (worn)
   (You took it off Ijyb in the Dungeon)
 l - a +2 pair of boots of flying (worn)
   (You bought it in a shop in the Dungeon)
Scrolls
 h - a scroll of blinking {!r}
Potions
 c - a potion of curing {@q1}
 d - a potion of heal wounds {@q2}
 e - a potion of haste {@q3}
 f - 2 potions of magic
 g - a potion of berserk rage {!q}
 i - a potion of attraction {unknown}

Dungeon Overview and Level Annotations

Branches:
Dungeon (1/1)

Altars:
Cheibriados
Dithmenos
Elyvilon
Fedhas
Gozag
Hepliaklqana
Kikubaaqudgha
Makhleb
Nemelex Xobeh
Okawaru
Qazlal
Ru
Sif Muna
Trog
Uskayaw
Vehumet
Wu Jian
Xom
Yredelemnul
Zin
The Shining One
Jiyva
Lugonu

Shops:
D

[
#####################
.)..#..'..#__#.5@4K.#
.#..').#..'^.'..#K45#
###'#####'#__####4.5+
##..#...#.#### ####
_####..##.#
____##'#_.+
.∩...†..._#
..__##_.#'#
____###+#.#


You could see 2 ice devils, 2 kobold demonologists, a red devil (summoned), an
iron imp (summoned), a crimson imp (summoned) and a shadow imp (summoned).


Message History

You feel mighty! The slime creature hits you! 😕 HP[+20]
You now have 106 max hp (+35).
You regained 20 hp, and now have 91/106 hp.
You bludgeon the slime creature!! You hit the slime creature.
The slime creature barely misses you.
You sock the slime creature! You completely miss the slime creature.
The slime creature closely misses you.
You sock the slime creature! You headbutt the slime creature!
You sock the slime creature! You headbutt the slime creature.
You kill the slime creature!
Trog accepts your kill.
Your Fighting skill increases to level 13!
Your Maces & Flails skill increases to level 13!
You have reached level 7! 😕 HP[+11] MP[+1]
You now have 118 max hp (+12).
You regained 11 hp, and now have 102/118 hp.
Your mp is fully restored (6).
There is an open door here.
You start resting.
You feel a strong urge to attack something.
You feel your anger nearly subside.
You are no longer berserk.
You are exhausted.
You feel yourself slow down.
You feel yourself speed up. 😎 HP[-23]
You now have 79 max hp (-39).
You avoid triggering an arrow trap.
There is an arrow trap here.
You reach down and open the door.
You recover from your berserk rage.
There is an open door here.
You now have 209 gold pieces (gained 27).
You now have 236 gold pieces (gained 27).
You now have 263 gold pieces (gained 27).
You now have 290 gold pieces (gained 27).
You reach down and open the door.
A kobold demonologist comes into view. It is wielding a +0 dagger.
The kobold demonologist shouts!
You hear a shout!
The kobold demonologist moves out of view.
A floating eye and a kobold demonologist come into view.
The floating eye turns its gaze towards you.
The kobold demonologist shouts!
The kobold demonologist mumbles some strange words.
The kobold demonologist miscasts a cantrip.
There is an open door here.
Non-targeted abil: Berserk
Press: ? - help, Q - select action, (/) - cycle Dir - look around, f - activate A red film seems to cover your vision as you go berserk!
You feel yourself moving faster!
You feel mighty!
The floating eye's stare focuses on you.
The kobold demonologist gestures wildly while chanting.
The ice devil hits you. The ice devil freezes you!! 😕 HP[+19]
You now have 118 max hp (+39).
You regained 19 hp, and now have 98/118 hp.
You sock the floating eye!
The floating eye pulsates ominously.
The floating eye gazes piercingly through you!
You suddenly lose the ability to move!
The ice devil hits you. The ice devil freezes you!!
The floating eye's view fixates on you.
The kobold demonologist looks encouraged for a moment.
The ice devil hits you. The ice devil freezes you!
The kobold demonologist mumbles some strange words.
The ice devil hits you but does no damage.
The floating eye gazes piercingly through you!
You shrug off the repeated paralysis!
The red devil barely misses you.
You can move again. 😮 HP[-33]
You take 33 damage, and now have 65/118 hp.
MASSIVE DAMAGE!! (PAUSE)
You sock the floating eye! The ice devil closely misses you.
You bludgeon the floating eye!!
You feel the power of Trog in you as your rage grows.
You kill the floating eye!
Trog accepts your kill.
The red devil hits you from afar with a +0 trident!
* * * LOW HITPOINT WARNING * * *
😨 HP[-13]
You now have 120 max hp (+2).
You take 13 damage, and now have 52/120 hp.
You barely miss the kobold demonologist.
The ice devil hits you!
* * * LOW HITPOINT WARNING * * *
The ice devil freezes you!!
* * * LOW HITPOINT WARNING * * *
😱 HP[-31]
You take 31 damage, and now have 21/120 hp.
MASSIVE DAMAGE!! (PAUSE)
You barely miss the kobold demonologist.
The kobold demonologist casts a spell.
You hit the kobold demonologist. The red devil barely misses you.
The ice devil hits you.
* * * LOW HITPOINT WARNING * * *
The ice devil freezes you!!
You die...

Skill      XL: |  1  2  3  4  5  6 |
---------------+-------------------+-----
Fighting       | 6 8 10 11 13 | 13.7
Maces & Flails | 5 8 10 11 13 | 13.7
Armour         | |  2.4
Dodging        | |  2.1

Action                   |  1- 3 |  4- 6 |  7- 9 || total
-------------------------+-------+-------+-------++-------
Melee: Mace              |     6 |    15 |     6 ||    27
       Headbutt          |       |     4 |       ||     4
Invok: Berserk           |     2 |     4 |     1 ||     7
Armor: Ring mail         |       |       |     1 ||     1
Dodge: Dodged            |     2 |     7 |     3 ||    12

Levels and vault maps discovered:
D:        dungeon_sprint_1 [red_sonja_temple_1, red_sonja_temple_small_1]

Notes
Turn   | Place    | Note
-------+----------+-------------------------------------------
     0 | D        | Dadi the Minotaur Berserker began the quest for the Orb.
     0 | D        | Reached XP level 1. HP: 19/19 MP: 0/0
     0 | D        | magus.rc [v1.10.3.2021-6-05.01:30:15PM]
     1 | D        | Noticed Ijyb
     5 | D        | Killed Ijyb
     6 | D        | Reached skill level 6 in Fighting
     6 | D        | Reached skill level 5 in Maces & Flails
     6 | D        | Reached XP level 2. HP: 30/30 MP: 1/1
   110 | D        | Noticed an ogre
   115 | D        | Killed an ogre
   116 | D        | Reached skill level 8 in Fighting
   116 | D        | Reached skill level 8 in Maces & Flails
   116 | D        | Reached XP level 3. HP: 39/41 MP: 2/2
   116 | D        | Reached XP level 4. HP: 47/49 MP: 3/3
   220 | D        | Noticed Sigmund
   225 | D        | Killed Sigmund
   225 | D        | Reached ** piety under Trog
   226 | D        | Reached skill level 10 in Fighting
   226 | D        | Reached skill level 10 in Maces & Flails
   226 | D        | Reached XP level 5. HP: 59/59 MP: 4/4
   321 | D        | Found an ornate altar of the Wu Jian Council.
   321 | D        | Found a shimmering blue altar of Sif Muna.
   323 | D        | Found a radiant altar of Vehumet.
   329 | D        | Reached skill level 11 in Fighting
   329 | D        | Reached skill level 11 in Maces & Flails
   329 | D        | Reached XP level 6. HP: 68/68 MP: 5/5
   438 | D        | Found Nueteime's Antique Armour Emporium.
   438 | D        | Found an ancient bone altar of Kikubaaqudgha.
   438 | D        | Found a hazy altar of Hepliaklqana.
   438 | D        | Found a stormy altar of Qazlal.
   438 | D        | Found a hide-covered altar of Uskayaw.
   438 | D        | Found a blossoming altar of Fedhas.
   438 | D        | Found a bloodstained altar of Trog.
   438 | D        | Found an iron altar of Okawaru.
   438 | D        | Found a basalt altar of Yredelemnul.
   438 | D        | Found a glowing golden altar of the Shining One.
   438 | D        | Found a snail-covered altar of Cheibriados.
   438 | D        | Found a sacrificial altar of Ru.
   438 | D        | Found a glowing silver altar of Zin.
   438 | D        | Found a shadowy altar of Dithmenos.
   438 | D        | Found a white marble altar of Elyvilon.
   438 | D        | Noticed a yak
   442 | D        | Killed a yak
   443 | D        | Reached skill level 12 in Fighting
   443 | D        | Reached skill level 12 in Maces & Flails
   443 | D        | Found an opulent altar of Gozag.
   444 | D        | Found a sparkling altar of Nemelex Xobeh.
   448 | D        | Bought a pair of glowing boots for 127 gold pieces
   484 | D        | Found a burning altar of Makhleb.
   484 | D        | Found a viscous altar of Jiyva.
   484 | D        | Found a shimmering altar of Xom.
   484 | D        | Found a corrupted altar of Lugonu.
   484 | D        | Noticed a slime creature
   491 | D        | Killed a slime creature
   491 | D        | Reached *** piety under Trog
   492 | D        | Reached skill level 13 in Fighting
   492 | D        | Reached skill level 13 in Maces & Flails
   492 | D        | Reached XP level 7. HP: 79/79 MP: 6/6
   540 | D        | Noticed a kobold demonologist
   541 | D        | Noticed a kobold demonologist
   542 | D        | Noticed an ice devil
   543 | D        | Noticed an ice devil
   543 | D        | Paralysed by a floating eye for 3 turns
   546 | D        | Noticed a red devil
   549 | D        | HP: 21/120 [ice devil[a kobold demonologist] (23)]
   551 | D        | Slain by an ice devil

Vanquished Creatures
  A slime creature (D)
  Sigmund (D)
  A yak (D)
  A floating eye (D)
  An ogre (D)
  A jelly (D)
  Ijyb (D)
7 creatures vanquished.

Table legend:
 A = Non-vault XP
 B = Vault XP
 C = Vault XP percentage of total XP
 D = Non-vault monster count
 E = Vault monster count
 F = Vault count percentage of total count
                 A         B        C        D         E       F
            +---------+---------+-------+---------+---------+-------
      Total |       0 |    1058 | 100.0 |       0 |       7 | 100.0
            +---------+---------+-------+---------+---------+-------
          D |       0 |    1058 | 100.0 |       0 |       7 | 100.0
            +---------+---------+-------+---------+---------+-------

Illustrated notes

Table legend:
 A = Kills in this place as a percentage of kills in entire the game.
 B = Kills by you in this place as a percentage of kills by you in the entire game.
 C = Kills by friends in this place as a percentage of kills by friends in the entire game.
 D = Other kills in this place as a percentage of other kills in the entire game.
 E = Experience gained in this place as a percentage of experience gained in the entire game.
 F = Experience gained in this place divided by the number of levels of this place that you have seen.
                   A       B       C       D       E      F
               +-------+-------+-------+-------+-------+----------------------
         Total | 100.0 | 100.0 |   N/A |   N/A | 100.0 | 1058.0
       Dungeon | 100.0 | 100.0 |   N/A |   N/A | 100.0 | 1058.0
               +-------+-------+-------+-------+-------+----------------------

Table legend: (Time is in decaauts)
 A = Elapsed time spent in this place.
 B = Non-inter-level travel time spent in this place.
 C = Inter-level travel time spent in this place.
 D = Time resting spent in this place.
 E = Time spent auto-exploring this place.
 F = Levels seen in this place.
 G = Mean time per level.
                   A        B        C        D        E       F      G
               +--------+--------+--------+--------+--------+-----+--------+
         Total |    608 |    608 |      0 |    466 |      0 |   1 |  608.0 |
       Dungeon |    608 |    608 |      0 |    466 |      0 |   1 |  608.0 |
               +--------+--------+--------+--------+--------+-----+--------+

Top non-repeatable levels by time:
       D: 608 daAuts
